 Dungeon Crawl Stone Soup version 0.26.0-16-gc1dbca0489 (webtiles) character file.

Game seed: 3493389623431696797

13 EnegeticOcto the Chopper (level 2, -12/27 HPs)
             Began as a Deep Dwarf Fighter on Jan 18, 2021.
             Mangled by an orc warrior
             ... wielding a +0 hand axe
              (20 damage)
             ... on level 5 of the Dungeon.
             The game lasted 00:01:01 (140 turns).

EnegeticOcto the Chopper (Deep Dwarf Fighter)        Turns: 140, Time: 00:01:02

Health: -12/27     AC:  6    Str: 19    XL:     2   Next: 24%
Magic:  0/0        EV:  7    Int:  8    God:
Gold:   32         SH:  9    Dex: 12    Spells: 1/1 levels left

rFire    . . .     SeeInvis .   a - +0 war axe
rCold    . . .     Faith    .   c - +0 kite shield
rNeg     . . .     Spirit   .   b - +0 scale mail
rPois    .         Reflect  .   (no helmet)
rElec    .         Harm     .   (no cloak)
rCorr    .         Rampage  .   (no gloves)
Will     .....                  (no boots)
Stlth    ..........             (no amulet)
HPRegen  0.00/turn              (no ring)
MPRegen  0.07/turn              (no ring)

@: non-regenerating
A: damage resistance, heal wounds, sense surroundings 1, no regeneration
a: Heal Wounds


You were on level 5 of the Dungeon.
You visited 1 branch of the dungeon, and saw 6 of its levels.

You collected 32 gold pieces.

Inventory:

Hand Weapons
 a - a +0 war axe (weapon)
Armour
 b - a +0 scale mail (worn)
 c - a +0 kite shield (worn)
Potions
 d - a potion of might {@q3 !q}
 e - a potion of mutation {unknown}


   Skills:
 - Level 2.6 Fighting
 + Level 3.3 Axes
 - Level 3.2 Armour
 - Level 3.2 Shields


You had one spell level left.
You didn't know any spells.
Your spell library was empty.

Dungeon Overview and Level Annotations

Branches:
Dungeon (6/15)
 Temple: D:4-7

Altars:


Innate Abilities, Weirdness & Mutations

You are resistant to damage.
You can heal yourself by infusing magical energy.
You passively map a small area around you.
You do not regenerate.


Message History

No target in view!
No target in view!
Found a stone staircase leading down.
Things that are here:
a +2 dagger of speed; 3 poisoned darts; a kobold corpse
There is a stone staircase leading down here.
You climb downwards.
Found a stone staircase leading down.
There is a stone staircase leading up here.
There is a stone staircase leading down here.
You climb downwards.
There is a stone staircase leading up here.
You open the door.
Found a tapered iron wand.
There is an open door here.
You see here a wand of random effects (26).
You open the door.
Found an escape hatch in the floor.
There is an open door here.
You open the door.
Found a dagger.
Found a stone staircase leading down.
There is an open door here.
You open the door.
Found a stone staircase leading down.
Found 13 gold pieces.
There is an open door here.
Found a coppery potion.
You now have 13 gold pieces.
There is a stone staircase leading down here.
You open the door.
Found 19 gold pieces.
There is an open door here.
You now have 32 gold pieces (gained 19).
There is an open door here.
e - a coppery potion
(D) Dungeon
Where to? (? - help)
There is a stone staircase leading down here.
You climb downwards. 4 orcs, 2 orc warriors, 2 orc priests and 2 orc wizards come into view.
The orc warrior shouts!
The orc shouts!
The orc priest shouts!
The orc shouts!
The orc priest shouts!
The orc shouts!
The orc wizard shouts! x2
Found 31 gold pieces and 14 arrows.
There is a stone staircase leading up here.
The orc wizard casts a spell at you. The magic dart hits you.
The orc warrior hits you with a +0 hand axe.
You climb upwards.
There is a stone staircase leading down here.
Your magical essence is drained by the effort!
You feel much better.
The orc wizard hits you but does no damage.
You hit the orc warrior but do no damage.
You closely miss the orc wizard.
The orc warrior hits you but does no damage.
The orc wizard hits you with a +0 dagger.
The orc warrior hits you with a +0 hand axe.
You barely miss the orc warrior. You barely miss the orc wizard.
The orc wizard hits you but does no damage.
The orc warrior hits you but does no damage.
You barely miss the orc warrior. You slash the orc wizard!
The orc wizard casts a spell at you. The puff of frost hits you!
You block the orc warrior's attack.
The orc wizard hits you but does no damage.
You barely miss the orc warrior. You closely miss the orc wizard.
You block the orc warrior's attack.
The orc wizard hits you but does no damage.
You barely miss the orc warrior. You barely miss the orc wizard.
The orc warrior hits you but does no damage.
The orc wizard casts a cantrip, but nothing happens.
You block the orc warrior's attack. The orc wizard completely misses you.
Your magical essence is drained by the effort!
You feel much better.
The orc warrior hits you with a +0 hand axe.
The orc wizard points at you and mumbles some strange words.
You block the puff of flame.
You hit the orc warrior.
The orc warrior is lightly wounded.
You slash the orc wizard!
The orc warrior hits you but does no damage.
You block the orc wizard's attack.
You slash the orc warrior!
The orc warrior is moderately wounded.
You closely miss the orc wizard.
The orc wizard gestures at itself while chanting.
The orc wizard flickers and vanishes!
Deactivating autopickup; reactivate with Ctrl-A.
The orc warrior hits you with a +0 hand axe!
You closely miss the orc warrior.
The orc warrior is moderately wounded.
You miss something. You block something's attack.
You block the orc warrior's attack.
You hear some strange, mumbled words.
A magic dart appears from out of thin air!
The magic dart hits you.
* * * LOW HITPOINT WARNING * * *
The orc warrior hits you with a +0 hand axe!!
Ouch! That really hurt!
You die...

.#.....#...#......########
.#.....#..>#......#......#
.#.....#...##.....#......#
,
.#.....#...##.....#......#
,
.#.....#....#.....'......#
,, ,
.+.....'....#.....#......#
.#.....#...)#.....#......#
,
'#.....#....'...o{#......#
.......#....#...@.########.
.......#....#..............
.......#+####..............
.......#, #...........##
.......# #.....##....#
.......# #.....# ##+## , ,
.......# #.....# ,*
.......# #.....# ##.....#
#.....# ,


You could see an orc warrior.

Vanquished Creatures
  An adder (D:2)
  A goblin (D:3)
  2 kobolds (D:3)
4 creatures vanquished.

Notes
Turn   | Place    | Note
-------+----------+-------------------------------------------
     0 | D:1      | EnegeticOcto the Deep Dwarf Fighter began the quest for the
                  | Orb.
     0 | D:1      | Reached XP level 1. HP: 20/20 MP: 1/1
    11 | D:2      | Reached skill level 3 in Axes
    11 | D:2      | Reached XP level 2. HP: 27/27 MP: 2/2
    53 | D:5      | Entered Level 5 of the Dungeon
   128 | D:6      | Noticed an orc warrior
   128 | D:6      | Noticed an orc warrior
   131 | D:5      | Your magical essence is drained by the effort!
   137 | D:5      | Your magical essence is drained by the effort!
   140 | D:5      | Mangled by an orc warrior

Illustrated notes

Levels and vault maps discovered:
D:1:      amcnicky_arrival_gap_in_the_tavern_cellar, layout_loops_corners,
          st_stairs_8, minmay_circled_x
D:2:      layout_basic
D:3:      layout_basic, uniq_natasha
D:4:      layout_basic, evilmike_ruin_ashenzari, lemuel_doored_altar,
          minmay_distorted
D:5:      minmay_octagon_keep, layout_gridville, kennysheep_mini, basic_altar
D:6:      layout_rooms

Skill      XL: |  1 |
---------------+----+-----
Axes           | 3 |  3.3
Fighting       | |  2.6
Armour         | |  3.2
Shields        | |  3.2

Action                   || total
-------------------------++-------
Melee: War axe           ||    19
 Abil: Heal Wounds       ||     2
Armor: Scale mail        ||    13
Dodge: Dodged            ||     8
Block: Kite shield       ||    16
